 Dungeon Crawl Stone Soup version 0.20-a0-550-gf70bbbc (webtiles) character file.

8357 Krakonus1 the Spear-Bearer (level 11, -18/96 HPs)
             Began as a Naga Fighter on Feb 2, 2017.
             Was a Priest of Cheibriados.
             Demolished by an ettin
             ... wielding a +0 dire flail
              (23 damage)
             ... on level 11 of the Dungeon.
             The game lasted 01:19:00 (12978 turns).

Krakonus1 the Spear-Bearer (Naga Fighter)          Turns: 12978, Time: 01:19:01

Health: -18/96     AC: 15    Str: 28    XL:     11   Next: 29%
Magic:  0/11       EV:  5    Int: 17    God:    Cheibriados [***...]
Gold:   169        SH: 18    Dex: 18    Spells: 10/10 levels left

rFire    . . .     SeeInvis +   a - +2 trident
rCold    + . .     Gourm    .   j - +0 plate armour
rNeg     . . .     Faith    .   n - +0 large shield "Rextusyvugg" {rPois rC+}
rPois    +         Spirit   +   (helmet restricted)
rElec    .         Reflect  .   v - +0 cloak
rCorr    +         Harm     .   (no gloves)
MR       +....                  (no barding)
Stlth    ..........             O - amulet of guardian spirit
Regen    0.2/turn               P - ring of resist corrosion
                                R - ring of flight

@: very slightly contaminated, invisible, very slow
A: horns 1, slimy green scales 1, see invisible, deformed body, poison
resistance, slowness 2, slow regeneration 1, slow metabolism 1, spit poison 1,
weak 1, AC +3
a: Spit Poison, Bend Time, Temporal Distortion, Renounce Religion, Evoke Flight


You were on level 11 of the Dungeon.
You worshipped Cheibriados.
Cheibriados was most pleased with you.
You were near starving.

You visited 2 branches of the dungeon, and saw 12 of its levels.

You collected 416 gold pieces.
You spent 247 gold pieces at shops.

Inventory:

Hand Weapons
 a - a +2 trident (weapon)
 b - a +0 shortbow
 t - a +0 hunting sling
 w - a +2 quarterstaff of chaos
Missiles
 h - 187 stones
 l - 93 poisoned needles
 p - 162 arrows
 r - 59 bolts
 x - 16 sling bullets
 B - 4 tomahawks
 M - 2 throwing nets
 Q - 3 javelins (quivered)
Armour
 c - a +0 shield
 i - a +0 helmet
 j - a +0 plate armour (worn)
 n - the +0 large shield "Rextusyvugg" (worn) {rPois rC+}
   (You found it on level 6 of the Dungeon)

   It protects you from cold.
   It protects you from poison.
 q - a +0 chain mail
 v - a +0 cloak (worn)
 J - the +0 helmet of Hoekh {rC+}
   (You bought it in a shop on level 8 of the Dungeon)

   It protects you from cold.
Magical Staves
 e - an uncursed staff of fire
 H - an uncursed staff of conjuration {unknown}
 I - an uncursed staff of air {unknown}
Jewellery
 z - an uncursed ring of ice
 D - an uncursed amulet of harm
 O - an amulet of guardian spirit (around neck)
 P - a ring of resist corrosion (right hand)
 R - a ring of flight (left hand)
Wands
 u - a wand of lightning (0/15)
 A - a wand of confusion (31/48)
Scrolls
 k - 5 scrolls of remove curse
 y - a scroll of identify
 K - a scroll of teleportation
Potions
 E - a potion of mutation
 F - a potion of brilliance
Books
 s - a book of Callings

   Spells                             Type                      Level
   a - Summon Small Mammal            Summoning                    1
   b - Call Imp                       Summoning                    2
   c - Call Canine Familiar           Summoning                    3
   d - Summon Guardian Golem          Hexes/Summoning              3
   e - Summon Lightning Spire         Summoning/Air                4
   f - Summon Ice Beast               Ice/Summoning                4
 C - a book of Changes

   Spells                             Type                      Level
   a - Beastly Appendage              Transmutation                1
   b - Sticks to Snakes               Transmutation                2
   c - Spider Form                    Transmutation/Poison         3
   d - Ice Form                       Ice/Transmutation            4
   e - Blade Hands                    Transmutation                5
 L - a book of Flames

   Spells                             Type                      Level
   a - Flame Tongue                   Conjuration/Fire             1
   b - Throw Flame                    Conjuration/Fire             2
   c - Conjure Flame                  Conjuration/Fire             3
   d - Inner Flame                    Hexes/Fire                   3
   e - Sticky Flame                   Conjuration/Fire             4
   f - Fireball                       Conjuration/Fire             5
Comestibles
 d - 9 royal jellies
 f - 5 bread rations
 g - 7 meat rations
 o - 9 fruits


   Skills:
 + Level 5.6 Fighting
 + Level 8.9 Polearms
 + Level 3.1 Throwing
 * Level 7.8 Armour
 + Level 2.2 Dodging
 + Level 0.9 Stealth
 * Level 8.7 Shields
 + Level 0.4 Invocations
 + Level 0.4 Evocations


You had 10 spell levels left.
You didn't know any spells.

Dungeon Overview and Level Annotations

Branches:
Dungeon (11/15)            Temple (1/1) D:7             Orc (0/2) D:9
   Lair: D:8-11

Altars:
Ashenzari
Cheibriados
Dithmenos
Elyvilon
Fedhas
Gozag
Hepliaklqana
Kikubaaqudgha
Makhleb
Nemelex Xobeh
Okawaru
Qazlal
Ru
Sif Muna
Trog
Uskayaw
Vehumet
Xom
Yredelemnul
Zin
The Shining One

Shops:
D:8 *[


Innate Abilities, Weirdness & Mutations

You cannot wear boots.
Your serpentine skin is tough. (AC +3)
You have supernaturally acute eyesight. (SInv)
Armour fits poorly on your strangely shaped body.
Your system is resistant to poisons. (rPois)
You cover ground very slowly.
You have a slow metabolism.
You can spit poison.
You have a pair of small horns on your head.
You are partially covered in slimy green scales. (AC +2)
You regenerate slowly when monsters are visible.
You are weak. (Str -2)


Message History

* * * LOW HITPOINT WARNING * * *
You block the hungry ghost's attack. The ettin hits you with a dire flail!
* * * LOW HITPOINT WARNING * * *
You block the ettin's attack. Magic courses through your body.
The cyclops throws a large rock.
You block the large rock.
The cyclops throws a large rock.
You block the hungry ghost's attack. You block the ettin's attack.
The ettin barely misses you.
The fire giant hits you with a great sword of flaming!
* * * LOW HITPOINT WARNING * * *
The fire giant burns you.
* * * LOW HITPOINT WARNING * * *
You feel extremely strange.
You feel weaker. A pair of horns grows on your head!
The +0 helmet of Hoekh {rC+} falls away!
Your regeneration weakens near monsters.
The hungry ghost hits you.
You are near starving!
You block the ettin's attack. The ettin hits you with a dire flail!!
You die...

############
#..(@C....<#
+..(WC....##
#..........#
#..........#
+..........#
#C.CC...$[$#
#.......!)(#
########+###


You could see a fire giant, an ettin, 3 cyclopes and a hungry ghost.

Vanquished Creatures
  The ghost of trice3010101 the Markscentaur, a novice CeHu (D:8)
  Pikel (D:6)
  A centaur skeleton (D:10)
  A gargoyle (D:10)
  A troll (D:10)
  A hippogriff (D:9)
  Sigmund (D:2)
  6 yaks (D:9)
  A hungry ghost (D:11)
  2 water moccasins
  A soldier ant (D:10)
  A hornet zombie (D:8)
  3 sky beasts
  4 ice beasts
  7 orc warriors
  2 phantoms
  A black bear (D:8)
  7 ogres
  The ghost of Iamsock the Skirmisher, an amateur DsWn of Kikubaaqudgha (D:4)
  5 centaurs
  Blork the orc (D:6)
  5 wights (D:7)
  4 howler monkeys
  A vampire bat (D:6)
  2 bullfrog zombies
  2 crimson imps
  A centaur zombie (D:4)
  A gnoll shaman (D:7)
  4 hounds
  2 jellies
  2 bullfrog skeletons
  2 orc priests
  Crazy Yiuf (D:4)
  13 orc wizards
  Jessica (D:1)
  An iguana (D:6)
  Natasha (thrice) (D:1)
  10 worker ants
  A killer bee zombie (D:6)
  A hound zombie (D:10)
  3 gnolls (D:7)
  11 adders
  3 shadow imps
  An ooze (D:3)
  2 adder zombies
  3 adder skeletons
  4 worms
  2 dart slugs (D:1)
  3 leopard geckos
  33 orcs
  2 bat skeletons (D:6)
  9 giant cockroaches
  15 goblins
  9 hobgoblins
  19 jackals
  7 quokkas
  2 ball pythons
  7 bats
  7 frilled lizards
  A giant cockroach zombie (D:6)
  13 kobolds
  A leopard gecko skeleton (D:4)
  A leopard gecko zombie (D:7)
  A quokka skeleton (D:4)
  A quokka zombie (D:6)
  21 rats
287 creatures vanquished.

Vanquished Creatures (others)
  Eustachio (D:6)
  A vampire bat (D:6)
  An adder (D:6)
  2 bat skeletons (D:6)
  A bat zombie (D:6)
  4 jackals (D:6)
10 creatures vanquished.

Grand Total: 297 creatures vanquished

Notes
Turn   | Place    | Note
-------+----------+-------------------------------------------
     0 | D:1      | Krakonus1 the Naga Fighter began the quest for the Orb.
     0 | D:1      | Reached XP level 1. HP: 21/21 MP: 1/1
   128 | D:1      | Reached XP level 2. HP: 25/28 MP: 2/2
   789 | D:1      | Reached XP level 3. HP: 31/34 MP: 3/3
  1107 | D:2      | Noticed Natasha
  1120 | D:1      | Killed Natasha
  1120 | D:1      | Reached XP level 4. HP: 26/42 MP: 4/4
  1443 | D:2      | Gained mutation: You are partially covered in slimy green scales. (AC +2) [potion of beneficial mutation]
  1718 | D:2      | Noticed Jessica
  1718 | D:2      | Noticed Sigmund
  1739 | D:1      | Killed Jessica
  1739 | D:1      | Reached skill level 1 in Dodging
  1739 | D:1      | Reached XP level 5. HP: 29/49 MP: 5/5
  1944 | D:1      | Noticed Natasha
  1974 | D:1      | Killed Natasha
  2061 | D:1      | Noticed Natasha
  2071 | D:1      | Killed Natasha
  2283 | D:2      | Found a blossoming altar of Fedhas.
  2326 | D:2      | Found a blossoming altar of Fedhas.
  2445 | D:2      | Killed Sigmund
  2445 | D:2      | Reached XP level 6. HP: 34/56 MP: 6/6
  2815 | D:3      | Found a shadowy altar of Dithmenos.
  2816 | D:3      | Found a white marble altar of Elyvilon.
  3292 | D:3      | Noticed a phantom
  3372 | D:3      | Killed a phantom
  3372 | D:3      | Reached skill level 1 in Throwing
  3372 | D:3      | Reached XP level 7. HP: 52/62 MP: 7/7
  3444 | D:3      | Found a sparkling altar of Nemelex Xobeh.
  4604 | D:4      | Reached XP level 8. HP: 56/72 MP: 8/8
  4682 | D:4      | Noticed Iamsock's ghost (amateur DsWn)
  4705 | D:4      | Killed Iamsock's ghost
  4705 | D:4      | Reached skill level 5 in Polearms
  4913 | D:4      | Reached skill level 5 in Armour
  5055 | D:4      | Found a runed door.
  5370 | D:4      | Noticed Crazy Yiuf
  5394 | D:4      | Killed Crazy Yiuf
  5641 | D:5      | Entered Level 5 of the Dungeon
  5874 | D:5      | HP: 3/72 [worm (2)]
  5880 | D:5      | HP: 2/72 [worm (2)]
  5885 | D:5      | HP: 1/72 [worm (2)]
  6033 | D:5      | HP: 2/72 [orc/flail (4)]
  6538 | D:5      | Reached XP level 9. HP: 63/78 MP: 9/9
  7314 | D:6      | Got a translucent large shield
  7346 | D:5      | Identified the +0 large shield "Rextusyvugg" {rPois rC+} (You found it on level 6 of the Dungeon)
  7610 | D:6      | Reached skill level 5 in Shields
  7755 | D:6      | Noticed Pikel
  7776 | D:6      | Killed Pikel
  7821 | D:6      | Killed Eustachio
  7895 | D:6      | Noticed Blork the orc
  7901 | D:6      | Killed Blork the orc
  8079 | D:6      | Found an ancient bone altar of Kikubaaqudgha.
  9024 | D:7      | Found a staircase to the Ecumenical Temple.
  9036 | Temple   | Entered the Ecumenical Temple
  9070 | Temple   | Became a worshipper of Cheibriados the Contemplative
  9301 | D:7      | Reached XP level 10. HP: 87/87 MP: 10/10
  9864 | D:8      | Found Alofreto's Antique Armour Shop.
  9867 | D:8      | Bought a polished helmet for 247 gold pieces
  9877 | D:8      | Identified the +0 helmet of Hoekh {rC+} (You bought it in a shop on level 8 of the Dungeon)
  9887 | D:8      | Noticed trice3010101's ghost (novice CeHu)
  9946 | D:8      | Killed trice3010101's ghost
 10388 | D:8      | Reached * piety under Cheibriados
 10415 | D:8      | Found Veyveunaa's General Store.
 10694 | D:8      | Found an iron altar of Okawaru.
 10949 | D:9      | Found a staircase to the Orcish Mines.
 10983 | D:9      | Reached skill level 5 in Fighting
 10988 | D:9      | Reached ** piety under Cheibriados
 11991 | D:9      | Reached XP level 11. HP: 90/96 MP: 11/11
 12098 | D:10     | Entered Level 10 of the Dungeon
 12214 | D:10     | Reached *** piety under Cheibriados
 12963 | D:11     | Noticed a cyclops
 12968 | D:11     | Paralysed by a hornet for 1 turns
 12973 | D:11     | Noticed a fire giant
 12973 | D:11     | Noticed an ettin
 12973 | D:11     | Noticed a cyclops
 12973 | D:11     | Noticed a cyclops
 12973 | D:11     | Noticed a cyclops
 12978 | D:11     | Gained mutation: You are weak. (Str -2) [potion of mutation]
 12978 | D:11     | Gained mutation: You have a pair of small horns on your head. [potion of mutation]
 12978 | D:11     | Gained mutation: You regenerate slowly when monsters are visible. [potion of mutation]
 12978 | D:11     | Demolished by an ettin

Vault maps used:
D:1:      onia_arrival_larder, minmay_tetromino_t2
D:2:      marbit_many_paths, fedhas_altar_1, uniq_jessica, uniq_natasha,
          uniq_sigmund
D:3:      amethyst_overflow_temple_binary, first_bread,
          nemelex_diamond_rough_becter
D:4:      portal_sewer_entry_b, uniq_crazy_yiuf_cottage
D:5:      corexii_shack_village, serial_park_tiny_2
D:6:      kennysheep_vampire_church, serial_undead, serial_undead_f,
          serial_undead_d, serial_undead_c, serial_undead_b, uniq_blork_the_orc,
          uniq_pikel, uniq_eustachio
D:7:      minmay_temple_entry_junction
D:8:      kennysheep_okawaru_gauntlet, serial_shops, kennysheep_little_box,
          nicolae_shop_behind_doors
D:9:      david_orc_2, grunt_ogre_cave
D:10:     minmay_splitting_lines
D:11:     giant_chief_lemuel, erik_lair_dragon, serial_shops, shop_coins,
          uniq_harold
Temple:   eino_temple_rhombus

Skill      XL: |  1  2  3  4  5  6  7  8  9 10 11 |
---------------+----------------------------------+-----
Shields        | 3 4 6 8 |  8.7
Armour         | 3 4 5 6 7 |  7.8
Polearms       | 3 4 6 7 8 |  8.9
Dodging        | 1 2 |  2.2
Throwing       | 1 2 3 |  3.1
Fighting       | 4 5 |  5.6
Stealth        | |  0.9
Invocations    | |  0.4
Evocations     | |  0.4

Action                   |  1- 3 |  4- 6 |  7- 9 | 10-12 || total
-------------------------+-------+-------+-------+-------++-------
Melee: Trident           |   217 |   337 |   778 |   513 ||  1845
Throw: Stone             |    12 |    50 |    31 |       ||    93
       Tomahawk          |       |       |    44 |    17 ||    61
       Javelin           |       |       |       |    10 ||    10
Invok: Bend Time         |       |       |       |     1 ||     1
Evoke: Wand              |       |       |     3 |       ||     3
  Use: Scroll            |     4 |     7 |     3 |    10 ||    24
       Potion            |     3 |     5 |     4 |    12 ||    24
  Eat: Chunk             |     1 |     6 |    13 |     6 ||    26
       Royal jelly       |       |       |     1 |       ||     1
       Bread ration      |       |       |     1 |       ||     1
Armor: Scale mail        |    15 |       |       |       ||    15
       Chain mail        |   143 |   175 |   228 |       ||   546
       Skin              |       |    10 |       |       ||    10
       Plate armour      |       |       |   144 |   188 ||   332
Dodge: Dodged            |    32 |    46 |   102 |    45 ||   225
Block: Shield            |   121 |   131 |   281 |       ||   533
       Large shield      |       |       |   133 |   394 ||   527
